 Dungeon Crawl Stone Soup version 0.22.1-5-g62c59d919a (webtiles) character file.

677 Adamkad1 the Chucker (level 7, -3/68 HPs)
             Began as a Troll Hunter on Jan 14, 2019.
             Slain by Duvessa
             ... wielding a +1 short sword of draining
              (16 damage)
             ... on level 5 of the Dungeon.
             The game lasted 00:05:20 (4409 turns).

Adamkad1 the Chucker (Troll Hunter)                 Turns: 4409, Time: 00:05:20

Health: -3/68      AC:  3    Str: 21    XL:     7   Next: 33%
Magic:  6/6        EV:  9    Int:  7    God:
Gold:   260        SH:  0    Dex: 12    Spells: 6/6 levels left

rFire    . . .     SeeInvis .     - Unarmed
rCold    . . .     Gourm    +   (no shield)
rNeg     . . .     Faith    .   b - +0 robe
rPois    .         Spirit   .   (helmet restricted)
rElec    .         Reflect  .   i - scarf {cloud immunity}
rCorr    .         Harm     .   (gloves unavailable)
MR       .....                  (boots unavailable)
Stlth    +.........             p - amulet of magic regeneration
HPRegen  0.61/turn              l - -2 ring of protection (curse)
MPRegen  0.35/turn              (no ring)

@: heavily drained
A: large, unfitting armour, claws 3, fast metabolism 3, gourmand, regeneration
1, shaggy fur 1, tough skin 2
a: no special abilities


You were on level 5 of the Dungeon.
You were completely stuffed.

You visited 1 branch of the dungeon, and saw 5 of its levels.

You collected 260 gold pieces.

Inventory:

Hand Weapons
 a - a +0 short sword
Missiles
 c - 2 large rocks (quivered)
 d - 2 throwing nets
 r - 134 stones
 s - 5 tomahawks
 u - 6 poisoned javelins
Armour
 b - a +0 robe (worn)
 i - a scarf of cloud immunity (worn)
Jewellery
 l - a cursed -2 ring of protection (left claw)
 p - an amulet of magic regeneration (around neck)
 x - an uncursed ring of poison resistance {unknown}
Scrolls
 g - 3 scrolls of identify
 h - a scroll of teleportation
 k - 2 scrolls of blinking
 m - a scroll of enchant weapon {unknown}
 q - a scroll of enchant armour {unknown}
 t - a scroll of immolation {unknown}
 w - a scroll of amnesia
Potions
 e - a potion of curing
 j - a potion of haste
 n - a potion of lignification {unknown}
 o - a potion of berserk rage {unknown}
 v - a potion of heal wounds {unknown}
Comestibles
 f - 7 rations


   Skills:
 * Level 3.6(1.7) Fighting
 * Level 5.1(3.1) Throwing
 + Level 2.0(0.2) Armour
 + Level 2.7(0.8) Dodging
 - Level 0.3(0.0) Stealth
 * Level 3.7(1.8) Unarmed Combat


You had 6 spell levels left.
You didn't know any spells.
Your spell library contained the following spells:

 Spells                   Type           Power        Failure   Level  Hunger
 Magic Dart               Conj           #...         43%         1    ##.....
 Blink                    Tloc           N/A          56%         2    ###....
 Call Imp                 Summ           #.......     56%         2    ###....
 Slow                     Hex            #.......     56%         2    ###....
 Conjure Flame            Conj/Fire      #.......     80%         3    ####...
 Mephitic Cloud           Conj/Pois/Air  #.......     80%         3    ####...


Dungeon Overview and Level Annotations

Branches:
Dungeon (5/15)
 Temple: D:4-7

Altars:
Dithmenos
Sif Muna
Xom

Annotations:
D:4 3 runed doors, tensugalgo's ghost, amateur FoFi
D:5 Duvessa


Innate Abilities, Weirdness & Mutations

You are too large for most types of armour.
You have claws for hands.
Your metabolism is lightning-fast.
You like to eat raw meat.
Your natural rate of healing is unusually fast.
You are covered in fur. (AC +1)
You have very tough skin. (AC +2)


Message History

Duvessa hits you with a short sword of draining.
You feel drained.
Duvessa hits you with a short sword of draining!
You feel drained.
Duvessa hits you with a short sword of draining!
You feel drained.
Unknown command.
Duvessa barely misses you.
Duvessa hits you with a short sword of draining!
* * * LOW HITPOINT WARNING * * *
You feel drained.
* * * LOW HITPOINT WARNING * * *
Duvessa rages.
Duvessa hits you with a short sword of draining!
* * * LOW HITPOINT WARNING * * *
You feel drained.
* * * LOW HITPOINT WARNING * * *
It was a potion of curing.
You feel better.
Duvessa hits you with a short sword of draining!
You die...

#...................###...
#.#######.......##### ##..
########.########.......# #..
#........†..<.# ##....#.# ###
#.#......####.#######.#.####
..#.#............#....#....###.#
###.#.#######......#######....#
#.#.# ####.#....#....###.#
##.#.# #@####.#.#### ##...)# #e#
#.#.# #.....###### #.# #...#
...........### #.# #.###
......####...# #.# #.#
.#...........# #.# #.#
.##.#.####(..# #.# #.#
<##.#.####..####(# #.#
.##.#.......)(....# #.#


You could see Duvessa (berserk).

Vanquished Creatures
  A sky beast (D:5)
  An ogre (D:4)
  A scorpion (D:5)
  Dowan (D:5)
  A howler monkey (D:5)
  A crimson imp (D:5)
  A hound (D:4)
  An orc wizard (D:4)
  Ijyb (D:4)
  A worker ant (D:3)
  10 adders
  A howler monkey skeleton (D:5)
  A shadow imp (D:5)
  An ooze (D:4)
  An adder skeleton (D:4)
  3 worms
  3 dart slugs
  3 leopard geckos
  5 orcs (D:4)
  2 ball pythons
  2 giant cockroaches
  9 hobgoblins
  14 jackals
  A quokka (D:2)
  8 bats
  3 frilled lizards (D:2)
  10 goblins
  7 kobolds
  4 rats
98 creatures vanquished.

Notes
Turn   | Place    | Note
-------+----------+-------------------------------------------
     0 | D:1      | Adamkad1 the Troll Hunter began the quest for the Orb.
     0 | D:1      | Reached XP level 1. HP: 19/19 MP: 0/0
   266 | D:1      | Reached XP level 2. HP: 23/28 MP: 1/1
   754 | D:2      | Reached skill level 1 in Unarmed Combat
   781 | D:2      | Reached XP level 3. HP: 35/35 MP: 2/2
  1045 | D:2      | Found a shimmering altar of Xom.
  1069 | D:2      | Reached skill level 4 in Throwing
  1293 | D:2      | Reached XP level 4. HP: 37/42 MP: 3/3
  1838 | D:2      | Found a deep blue altar of Sif Muna.
  1909 | D:3      | Reached skill level 1 in Armour
  1916 | D:3      | Found a shadowy altar of Dithmenos.
  2352 | D:3      | Reached XP level 5. HP: 30/50 MP: 4/4
  2857 | D:4      | Found a runed gate.
  2858 | D:4      | Found a runed gate.
  2859 | D:4      | Found a runed gate.
  2867 | D:4      | Noticed tensugalgo's ghost (amateur FoFi)
  2869 | D:4      | Noticed Ijyb
  2896 | D:4      | Killed Ijyb
  3452 | D:4      | Reached XP level 6. HP: 56/59 MP: 5/5
  3981 | D:5      | Entered Level 5 of the Dungeon
  4026 | D:5      | Reached XP level 7. HP: 67/67 MP: 6/6
  4153 | D:5      | Noticed Dowan
  4169 | D:5      | Killed Dowan
  4169 | D:5      | Reached skill level 5 in Throwing
  4398 | D:5      | Noticed Duvessa
  4409 | D:5      | Slain by Duvessa

Skill      XL: |  1  2  3  4  5  6  7 |
---------------+----------------------+-----
Fighting       | 2 3 |  3.6
Unarmed Combat | 1 2 3 |  3.7
Throwing       | 4 5 |  5.1
Armour         | 1 2 |  2.0
Dodging        | 2 |  2.7
Stealth        | |  0.3

Action                   |  1- 3 |  4- 6 |  7- 9 || total
-------------------------+-------+-------+-------++-------
Melee: Unarmed           |   120 |   197 |    29 ||   346
       Punch             |     1 |     1 |     1 ||     3
Throw: Large rock        |       |     2 |     3 ||     5
  Use: Potion            |     1 |       |     1 ||     2
       Scroll            |     5 |     1 |       ||     6
 Stab: Sleeping          |     2 |     1 |       ||     3
  Eat: Chunk             |    17 |    25 |     4 ||    46
Armor: Robe              |    48 |    48 |     4 ||   100
Dodge: Dodged            |    71 |   131 |     9 ||   211
